 Dungeon Crawl Stone Soup version 0.18.1-8-gdd0e5ea (webtiles) character file.

4892 deorigin the Cruncher (level 10, 0/67 HPs)
             Began as a Demonspawn Gladiator on June 2, 2016.
             Was an Elder of Okawaru.
             Slain by an orc warrior
             ... wielding a +4 short sword of electrocution
              (14 damage)
             ... on level 9 of the Dungeon on June 5, 2016.
             The game lasted 00:25:50 (10097 turns).

deorigin the Cruncher (Demonspawn Gladiator)       Turns: 10097, Time: 00:25:50

Health: 0/67       AC: 20    Str: 17    XL:     10   Next: 26%
Magic:  11/12      EV: 12    Int: 12    God:    Okawaru [****..]
Gold:   481        SH:  0    Dex: 13    Spells: 0 memorised, 9 levels left

rFire  . . .     SeeInvis .     a - +0 quarterstaff
rCold  + . .     Gourm    +     U - +0 plate armour
rNeg   . . .     Faith    .     (shield currently unavailable)
rPois  .         Spirit   .     Q - +1 hat
rElec  .         Dismiss  .     o - +2 cloak
rCorr  .         Reflect  .     d - +0 pair of gloves
SustAt .         Harm     .     (no boots)
MR     +....                    g - amulet of the gourmand
Stlth  ..........               x - +2 ring of evasion
                                i - ring of protection from magic

@: heroism, very slightly contaminated, hasted, very quick, somewhat resistant
to hostile enchantments, extremely unstealthy
A: horns 1, cold resistance 1, nightstalker 1, freezing cloud immunity, sturdy
frame 2
a: Heroism, Renounce Religion


You were on level 9 of the Dungeon.
You worshipped Okawaru.
Okawaru was greatly pleased with you.
You were completely stuffed.

You visited 2 branches of the dungeon, and saw 10 of its levels.

You collected 481 gold pieces.

Inventory:

Hand Weapons
 a - a +0 quarterstaff (weapon)
 n - a +0 dagger of draining
 H - a +2 flail of freezing
 L - a +1 war axe of venom
 T - a +0 dire flail of protection
Missiles
 h - 39 poisoned needles
 F - 5 tomahawks
 I - a throwing net (quivered)
Armour
 b - a +0 leather armour
 d - a +0 pair of gloves (worn)
 m - a +0 ring mail
 o - a +2 cloak (worn)
 w - a +0 scale mail
 z - a +3 scale mail
 Q - a +1 hat (worn)
 U - a +0 plate armour (worn)
 V - a +0 chain mail
 Y - a +0 large shield
Jewellery
 c - an uncursed ring of resist corrosion
 e - an uncursed ring of magical power
 g - an amulet of the gourmand (around neck)
 i - a ring of protection from magic (left hand)
 x - a +2 ring of evasion (right hand)
 C - an uncursed ring of sustain attributes
 O - an uncursed ring of protection from fire
Wands
 q - a wand of acid (3/15)
 D - a wand of acid (6/15)
 M - a wand of teleportation (2/9)
Scrolls
 l - a scroll of teleportation
 r - 5 scrolls of remove curse
 s - a scroll of enchant armour
 v - a scroll of recharging {unknown}
 y - 2 scrolls of fog
 B - a scroll of summoning {unknown}
 E - a scroll of magic mapping {unknown}
 J - 3 scrolls of amnesia
 N - 3 scrolls of enchant weapon {unknown}
 P - 2 scrolls of immolation {unknown}
 Z - a scroll of random uselessness {unknown}
Potions
 k - 2 potions of invisibility
 p - a potion of agility
 A - a potion of brilliance
 G - a potion of resistance {unknown}
 R - a potion of mutation {unknown}
 X - a potion of magic {unknown}
Comestibles
 f - 10 bread rations
 t - 3 meat rations
 u - 2 royal jellies
 K - a beef jerky
 W - a slice of pizza


   Skills:
 - Level 2.1(7.1) Fighting
 + Level 12.4(17.4) Staves
 - Level 1.7(6.7) Throwing
 - Level 5.1(10.1) Armour
 - Level 2.6(7.6) Dodging
 - Level 3.9 Invocations


You had 9 spell levels left.
You didn't know any spells.

Dungeon Overview and Level Annotations

Branches:
Dungeon (9/15)             Temple (1/1) D:5            Lair (0/8) D:9
    Orc: D:9-12

Altars:
Ashenzari
Cheibriados
Dithmenos
Elyvilon
Fedhas
Gozag
Kikubaaqudgha
Makhleb
Nemelex Xobeh
Okawaru
Pakellas
Qazlal
Ru
Sif Muna
Trog
Vehumet
Xom
Yredelemnul
Zin
The Shining One

Annotations:
D:3 Grinder
D:4 Scarto's ghost, amateur GrFi
D:7 Prince Ribbit
D:9 Maurice


Innate Abilities, Weirdness & Mutations

You have a pair of small horns on your head.
Your flesh is cold resistant.
You are slightly more attuned to the shadows.
You are immune to freezing clouds.
Your movements are less encumbered by armour (ER -4).


Message History

The orc knight is moderately wounded.
The orc warrior hits you but does no damage.
You hit the orc knight.
The orc knight is heavily wounded.
The orc knight hits you with a halberd!
You closely miss the orc knight. You headbutt the orc knight.
The orc knight is heavily wounded.
The orc warrior hits you with a short sword of electrocution!
You are electrocuted!
You hit the orc knight but do no damage.
You headbutt the orc knight, but do no damage.
The orc knight is heavily wounded.
You sock the orc knight!
The orc knight is heavily wounded.
The orc knight hits you with a halberd!
* * * LOW HITPOINT WARNING * * *
You hit the orc knight but do no damage.
The orc knight is heavily wounded.
The orc warrior hits you with a short sword of electrocution!
You die...

......#####.#.........#..# ###.
..##.....##...###'#..#..######o.>
.#...###.##..## #_#..#.####..o.#.
#....###..#.## #+#.........#####
#......##.#.#####.....#.#####
##...#.#.......#####.#..######
..#..#.........##............#
...#.###.......##o.....#######
...#.###........@o.....#
.....##........####...##
###............####.###
####.###............#
.........############ ###.######
###


You could see an orc knight and an orc warrior.

Vanquished Creatures
  Pikel (D:4)
  A spriggan (D:7)
  2 humans (D:7)
  2 hippogriffs
  A hungry ghost (D:9)
  3 orc warriors
  An ice beast (D:9)
  A slave (D:5)
  A black bear (D:8)
  A necrophage (D:6)
  2 phantoms
  3 sky beasts
  7 ogres
  6 centaurs
  5 giant frogs
  A wyvern skeleton (D:7)
  4 wights (D:7)
  3 crimson imps
  A giant frog zombie (D:7)
  4 hounds
  A centaur skeleton (D:8)
  A centaur zombie (D:9)
  An orc priest (D:9)
  2 jellies
  An orc wizard (D:9)
  Jessica (D:2)
  4 giant frog skeletons
  4 worker ants
  2 iguanas
  Natasha (twice) (D:3)
  A hound zombie (D:8)
  4 gnolls (D:6)
  8 adders
  An ooze (D:2)
  4 giant geckos
  23 orcs
  3 ball pythons
  5 bats
  6 giant cockroaches
  10 goblins
  2 hobgoblins (D:1)
  20 jackals
  3 quokkas
  A giant cockroach zombie (D:5)
  3 giant newts (D:1)
  5 kobolds
  A quokka skeleton (D:5)
  10 rats
179 creatures vanquished.

Vanquished Creatures (others)
  3 slaves (D:4)
  A jackal (D:4)
4 creatures vanquished.

Grand Total: 183 creatures vanquished

Notes
Turn   | Place    | Note
--------------------------------------------------------------
     0 | D:1      | deorigin the Demonspawn Gladiator began the quest for the Orb.
     0 | D:1      | Reached XP level 1. HP: 16/16 MP: 1/1
   221 | D:1      | Reached skill level 3 in Staves
   250 | D:1      | Gained mutation: You are slightly more attuned to the shadows. [demonic ancestry]
   250 | D:1      | Reached XP level 2. HP: 22/22 MP: 2/2
   680 | D:1      | Reached XP level 3. HP: 25/27 MP: 3/3
   930 | D:2      | Reached skill level 4 in Staves
  1219 | D:2      | Noticed Jessica
  1223 | D:2      | Killed Jessica
  1223 | D:2      | Gained mutation: Your flesh is cold resistant. [demonic ancestry]
  1223 | D:2      | Reached XP level 4. HP: 30/33 MP: 4/4
  1375 | D:3      | Found a faded altar to an unknown god.
  1511 | D:3      | Noticed Grinder
  1628 | D:3      | Noticed Natasha
  1653 | D:3      | Killed Natasha
  1653 | D:3      | Reached skill level 5 in Staves
  1748 | D:3      | Noticed Natasha
  1755 | D:3      | Killed Natasha
  1755 | D:3      | Reached XP level 5. HP: 37/38 MP: 5/5
  2015 | D:4      | Found a white marble altar of Elyvilon.
  2015 | D:4      | Found an ancient bone altar of Kikubaaqudgha.
  2016 | D:4      | Found a basalt altar of Yredelemnul.
  2161 | D:4      | Noticed an ogre
  2179 | D:4      | Killed an ogre
  2179 | D:4      | Reached skill level 6 in Staves
  2260 | D:4      | Found an opulent altar of Gozag.
  2262 | D:4      | Noticed a phantom
  2288 | D:4      | Killed a phantom
  2288 | D:4      | Gained mutation: Your movements are slightly less encumbered by armour (ER -2). [demonic ancestry]
  2288 | D:4      | Reached XP level 6. HP: 22/44 MP: 6/6
  2558 | D:4      | Noticed a slave
  2558 | D:4      | Noticed a slave
  2558 | D:4      | Noticed a slave
  2559 | D:4      | Noticed Pikel
  2604 | D:5      | Entered Level 5 of the Dungeon
  2630 | D:5      | Killed a slave
  2878 | D:5      | Found a staircase to the Ecumenical Temple.
  2898 | D:5      | Reached skill level 7 in Staves
  2925 | Temple   | Entered the Ecumenical Temple
  2993 | Temple   | Became a worshipper of Warmaster Okawaru
  3247 | D:4      | Noticed Scarto's ghost (amateur GrFi)
  3364 | D:4      | Noticed a slave
  3399 | D:4      | Killed Pikel
  3399 | D:4      | Reached * piety under Okawaru
  3399 | D:4      | Reached ** piety under Okawaru
  3399 | D:4      | Reached skill level 8 in Staves
  3399 | D:4      | Gained mutation: You are immune to freezing clouds. [demonic ancestry]
  3399 | D:4      | Reached XP level 7. HP: 30/50 MP: 7/7
  3935 | D:4      | Reached skill level 9 in Staves
  3935 | D:4      | Reached XP level 8. HP: 35/56 MP: 8/8
  4574 | D:5      | Found a deep blue altar of Sif Muna.
  4934 | D:6      | Reached skill level 1 in Invocations
  5399 | D:6      | Found an oddly glowing altar of Pakellas.
  5476 | D:6      | Reached skill level 10 in Staves
  5536 | D:6      | Reached *** piety under Okawaru
  5539 | D:6      | Found a shadowy altar of Dithmenos.
  5642 | D:6      | Found a sparkling altar of Nemelex Xobeh.
  6236 | D:7      | Gained mutation: You have a pair of small horns on your head. [demonic ancestry]
  6236 | D:7      | Reached XP level 9. HP: 21/61 MP: 11/11
  6585 | D:7      | Found a bloodstained altar of Trog.
  6633 | D:7      | Reached skill level 11 in Staves
  7104 | D:7      | Received a gift from Okawaru
  7121 | D:7      | Found an iron altar of Okawaru.
  7142 | D:7      | Reached **** piety under Okawaru
  7448 | D:7      | Noticed Prince Ribbit
  7845 | D:7      | Found a glowing golden altar of the Shining One.
  7961 | D:8      | Reached skill level 1 in Armour
  8550 | D:8      | Reached skill level 5 in Armour
  8550 | D:8      | Gained mutation: Your movements are less encumbered by armour (ER -4). [demonic ancestry]
  8550 | D:8      | Reached XP level 10. HP: 64/67 MP: 12/12
  8588 | D:8      | Found a burning altar of Makhleb.
  8787 | D:9      | Found a staircase to the Lair.
  8805 | D:9      | Reached skill level 12 in Staves
  8933 | D:9      | Noticed Maurice
  9019 | D:9      | Found a snail-covered altar of Cheibriados.
  9593 | D:9      | Found a runed door.
  9795 | D:9      | Noticed an orc knight
 10097 | D:9      | Slain by an orc warrior

Skill      XL: |  1  2  3  4  5  6  7  8  9 10 |
---------------+-------------------------------+-----
Staves         | 3 4 5 6 8 9 10 11 12 | 12.4
Invocations    | 3 |  3.9
Armour         | 5 |  5.1
Fighting       | |  2.1
Throwing       | |  1.7
Dodging        | |  2.6

Action                   |  1- 3 |  4- 6 |  7- 9 | 10-12 || total
-------------------------+-------+-------+-------+-------++-------
Melee: Quarterstaff      |   110 |   177 |   465 |   173 ||   925
       War axe           |       |       |     7 |       ||     7
       Headbutt          |       |       |    52 |    34 ||    86
       Flail             |       |       |    25 |       ||    25
Throw: Throwing net      |       |     5 |     1 |       ||     6
       Tomahawk          |       |     1 |     2 |       ||     3
Invok: Heroism           |       |       |     2 |     2 ||     4
  Use: Scroll            |       |       |    12 |       ||    12
       Potion            |       |       |       |     1 ||     1
 Stab: Sleeping          |     4 |     1 |       |       ||     5
       Held in net/web   |       |     5 |       |       ||     5
  Eat: Chunk             |     1 |     7 |    31 |    13 ||    52
Armor: Leather armour    |    26 |       |       |       ||    26
       Ring mail         |    27 |     8 |       |       ||    35
       Scale mail        |       |    56 |   134 |       ||   190
       Plate armour      |       |       |    64 |    67 ||   131
Dodge: Dodged            |    89 |    77 |   189 |    44 ||   399
